 Dungeon Crawl Stone Soup version 0.28.0-53-g5a82cb258f (webtiles) character file.

Game seed: 11067758312446779429

170 Sin92 the Skirmisher (level 5, -26/42 HPs)
             Began as a Demonspawn Fighter on July 6, 2022.
             Annihilated by an azure jelly (28 damage)
             ... created by the all-consuming vengeance of Jiyva
             ... on level 4 of the Dungeon on July 7, 2022.
             The game lasted 00:07:51 (3345 turns).

Sin92 the Skirmisher (Demonspawn Fighter)           Turns: 3345, Time: 00:07:52

Health: -26/42     AC: 11    Str: 16    XL:     5   Next: 25%
Magic:  5/5        EV:  7    Int:  9    God:
Gold:   91         SH:  5    Dex: 13    Spells: 4/4 levels left

rFire   . . .      SeeInvis .   a - +0 war axe
rCold   . . .      Faith    .   c - +0 buckler
rNeg    . . .      Spirit   .   f - +0 chain mail
rPois   .          Reflect  .   (no helmet)
rElec   .          Harm     .   (no cloak)
rCorr   .          Rampage  .   (no gloves)
Will    .....                   (no boots)
Stlth   ..........              (no amulet)
HPRegen 0.00/turn               (no ring)
MPRegen 0.09/turn               (no ring)

@: sanguine armoured, inhibited regen
A: demonic guardian 1, powered by pain 1, sanguine armour 1, deformed body,
screaming 1, inhibited regeneration, weak 1, subdued magic 1, sturdy frame 1,
noise suppression, devolution 1
a: no special abilities


You were on level 4 of the Dungeon.
You visited 1 branch of the dungeon, and saw 4 of its levels.

You collected 91 gold pieces.

Inventory:

Hand Weapons
 a - a +0 war axe (weapon)
Armour
 b - a +0 scale mail
 c - a +0 buckler (worn)
 f - a +0 chain mail (worn)
Scrolls
 g - 3 scrolls of identify
Potions
 d - 2 potions of might
 e - a potion of resistance
 h - a potion of magic {unknown}
 i - a potion of curing
 j - a potion of berserk rage {unknown}


   Skills:
 + Level 3.8 Fighting
 * Level 3.4 Axes
 + Level 3.4 Armour
 + Level 3.3 Shields


You had 4 spell levels left.
You didn't know any spells.
Your spell library contained the following spells:

 Spells                   Type           Power      Damage    Failure   Level
 Animate Skeleton         Necr           0%         N/A       99%         1
 Apportation              Tloc           0%         N/A       99%         1
 Beastly Appendage        Tmut           0%         N/A       99%         1
 Foxfire                  Conj/Fire      0%         2x1d4     99%         1
 Summon Small Mammal      Summ           0%         N/A       99%         1


Dungeon Overview and Level Annotations

Branches:
Dungeon (4/15)
 Temple: D:4-7

Altars:
Ashenzari
Qazlal
Jiyva

Shops:
D:3 [


Innate Abilities, Weirdness & Mutations

A weak demonic guardian rushes to your aid.
You sometimes gain a little power by taking damage.
When seriously injured, your blood forms armour. (AC +6)
Armour fits poorly on your strangely shaped body.
You occasionally shout uncontrollably at your foes.
You do not regenerate when monsters are visible.
You are weak. (Str -2)
Your spells are a little easier to cast, but a little less powerful.
Your movements are slightly less encumbered by armour. (ER -2)
You passively dampen the noise of your surroundings.
You have hidden genetic defects.


Message History

You swing at nothing.
You swing at nothing.
You swing at nothing.
You swing at nothing.
You swing at nothing.
You swing at nothing.
You swing at nothing.
You swing at nothing.
Your transformation is almost over.
You swing at nothing.
You swing at nothing.
You swing at nothing.
You swing at nothing.
You cannot move.
You swing at nothing.
You swing at nothing.
You swing at nothing.
You swing at nothing.
You feel less wooden.
Your +0 chain mail unmelds from your body.
You swing at nothing.
Some slimes ooze up out of the ground!
A great orb of eyes, an eye of devastation and an azure jelly come into view.
There are monsters nearby!
You slash the great orb of eyes!
The great orb of eyes is lightly wounded.
You barely miss the azure jelly.
There are monsters nearby!
You hit the great orb of eyes but do no damage.
The great orb of eyes is lightly wounded.
You closely miss the azure jelly. The azure jelly hits you!
The azure jelly freezes you!!
Ouch! That really hurt!
* * * LOW HITPOINT WARNING * * *
A demonic guardian appears!
Your blood congeals into armour.
The azure jelly hits you.
* * * LOW HITPOINT WARNING * * *
The azure jelly freezes you!!
Ouch! That really hurt!
You die...

#...#.#.# #.#
##..##.## #.#
##....#.# #.#
#..#..### #.#
#...#...## #.#
#.#.#.#.## #G#
#.#.#.#### #G#
##.#...# #. #@#
#.##...#### #J#
##.#..#.†#.# #5#
#....###.... #.#
#..#..#..#.#
#.#####..##...####
#.......#.#...# #.
######.##.#.#.####
#.##.#.#.#.##
#.##...#...##


You could see an azure jelly (ally target), a great orb of eyes, an eye of
devastation and a friendly shadow imp (summoned).

Vanquished Creatures
  Natasha (thrice) (D:3)
  An iguana (D:4)
  An adder (D:2)
  An ufetubus (D:4)
  3 dart slugs
  A ball python (D:2)
  5 bats
  5 endoplasms
  2 giant cockroaches
  6 goblins
  4 hobgoblins
  A kobold (D:3)
  A quokka (D:3)
  2 frilled lizards
  22 rats
58 creatures vanquished.

Notes
Turn   | Place    | Note
-------+----------+-------------------------------------------
     0 | D:1      | Sin92 the Demonspawn Fighter began the quest for the Orb.
     0 | D:1      | Reached XP level 1. HP: 18/18 MP: 1/1
   133 | D:1      | Found a faded altar of an unknown god.
   159 | D:1      | Prayed at the altar of an unknown god.
   159 | D:1      | Became a worshipper of Jiyva Joxebb the Shapeless
   159 | D:1      | Reached * piety under Jiyva
   287 | D:1      | Fell from the grace of Jiyva
   313 | D:1      | Gained mutation: A weak demonic guardian rushes to your
                  | aid. [demonic ancestry]
   313 | D:1      | Reached XP level 2. HP: 23/24 MP: 2/2
   747 | D:2      | You fall into a shaft and drop 1 floor!
   749 | D:3      | Found a broken altar of Ashenzari.
  1179 | D:2      | Reached XP level 3. HP: 29/29 MP: 3/3
  1216 | D:2      | Gained mutation: Your body sometimes deteriorates upon
                  | taking damage. [the all-consuming vengeance of Jiyva]
  1216 | D:2      | Gained mutation: You tend to lose your temper in combat.
                  | [the all-consuming vengeance of Jiyva]
  1220 | D:2      | Found a stormy altar of Qazlal.
  1265 | D:2      | Lost mutation: You tend to lose your temper in combat.
                  | [potion of mutation]
  1265 | D:2      | Lost mutation: Your body sometimes deteriorates upon taking
                  | damage. [potion of mutation]
  1265 | D:2      | Gained mutation: Your movements are slightly less
                  | encumbered by armour. (ER -2) [potion of mutation]
  1265 | D:2      | Gained mutation: You passively dampen the noise of your
                  | surroundings. [potion of mutation]
  1743 | D:3      | Found Wetut's Antique Armour Shop.
  1804 | D:3      | Noticed Natasha
  1810 | D:3      | Killed Natasha
  1813 | D:3      | Got Xerhoj's Initiation to Witchery
  2001 | D:3      | Gained mutation: You occasionally shout uncontrollably at
                  | your foes. [the all-consuming vengeance of Jiyva]
  2001 | D:3      | Gained mutation: Your spells are a little easier to cast,
                  | but a little less powerful. [the all-consuming vengeance of
                  | Jiyva]
  2001 | D:3      | Gained mutation: You do not regenerate when monsters are
                  | visible. [the all-consuming vengeance of Jiyva]
  2006 | D:3      | Noticed Natasha
  2035 | D:3      | Gained mutation: When seriously injured, your blood forms
                  | armour. (AC +6) [demonic ancestry]
  2035 | D:3      | Reached XP level 4. HP: 30/35 MP: 4/4
  2053 | D:3      | Killed Natasha
  2498 | D:3      | Noticed Natasha
  2502 | D:3      | Killed Natasha
  3009 | D:4      | Gained mutation: You sometimes gain a little power by
                  | taking damage. [demonic ancestry]
  3009 | D:4      | Reached XP level 5. HP: 42/42 MP: 5/5
  3264 | D:4      | Gained mutation: You have hidden genetic defects. [the
                  | all-consuming vengeance of Jiyva]
  3264 | D:4      | Gained mutation: You are weak. (Str -2) [the all-consuming
                  | vengeance of Jiyva]
  3264 | D:4      | Gained mutation: Armour fits poorly on your strangely
                  | shaped body. [the all-consuming vengeance of Jiyva]
  3344 | D:4      | Noticed a great orb of eyes
  3344 | D:4      | Noticed an eye of devastation
  3344 | D:4      | Noticed an azure jelly
  3345 | D:4      | HP: 2/42 [azure jelly[the all-consuming vengeance of Jiyva]
                  | (1)]
  3345 | D:4      | Annihilated by an azure jelly

Illustrated notes

Levels and vault maps discovered:
D:1:      scummos_arrival_star, layout_rooms, basic_ecumenical_altar
D:2:      layout_basic, basic_altar, minmay_crystal_room
D:3:      layout_loops_ring, mainiacjoe_overflow_small_starburst, serial_shops,
          nicolae_shop_crystal, minmay_rat_hole, uniq_natasha
D:4:      wad_crossroads, layout_loops_ring,
          nicolae_gozag_cash_rules_everything_around_me,
          minmay_temple_entry_water_ring

Skill      XL: |  1  2  3  4 |
---------------+-------------+-----
Axes           | 2 3 |  3.4
Armour         | 3 |  3.4
Shields        | 3 |  3.3
Fighting       | |  3.8

Action                   |  1- 3 |  4- 6 || total
-------------------------+-------+-------++-------
Melee: War axe           |   100 |    53 ||   153
Invok: Renounce Religion |     1 |       ||     1
  Use: Scroll            |     2 |       ||     2
       Potion            |     2 |       ||     2
Armor: Scale mail        |    18 |       ||    18
       Chain mail        |    43 |    41 ||    84
Dodge: Dodged            |    35 |    22 ||    57
Block: Buckler           |    18 |    16 ||    34
